Description

Uthermal's opener vs Neeb is very safe and has a lot of options for harassment as well, making it a strong middle of the road, harassment style build. It can be followed up with a strong MMM timing attack and is, in my opinion, a strong TvP build order.

VOD

https://www.youtube.com/watch?v=lIDqzYIgxJQ

Replay - Neeb v uThermal: Game 1 - Frost LE

Build Order

Get SALT Encoding   

  14  0:17  Supply Depot  
  16  0:45  Refinery, Barracks  
  19  1:32  Orbital Command, Factory, Marine  
  21  1:38  Supply Depot  
  21  2:10  Command Center, Marine   -Keep producing
  26  2:22  Starport   @100% Factory
  26  2:27  Widow Mine   @100% Factory
  29  2:59  Hellion   -Keep producing
  29  3:02  Medivac  
  29  3:05  Refinery  
  35  3:25  Liberator, Orbital Command   @100% Medivac
  44  3:50  Engineering Bay  
  46  4:05  Liberator, Barracks Reactor  
  47  4:15  Factory Tech Lab   @100% Factory Tech Lab, lift and build another Tech Lab
  54  4:41  Factory Tech Lab, Barracks  
  57  4:46  Barracks   1 naked, 1 on Tech Lab
  55  5:07  Starport Reactor  
  53  5:09  Barracks x2, Terran Infantry Weapons Level 1  
  54  5:18  Refinery  
  55  5:33  Stimpack   Produce Marauder, Marine, Medivac and aim for a 3rd base
Spawning Tool Build Advisor. Get it on Overwolf

Analysis

Uthermal's widow mine placement allows him to snatch and Adept and deny scouting for Neeb early game (very important). Note how Uthermal uses his Liberators, Hellions, and drops to pressure the Protoss and attempt to gain momentum and tempo with his harassment. This is the strength of this build.

Go to:

Details

  • Created by: legend
  • Published on: Sep 13, 2016
  • Modified on: Oct 17, 2016
  • Patch: Pre-3.8.0
Show
View Real Time Build Order
Export as new Build Order

Comments (2)

On Oct. 17, 2016, 11:11 a.m., StoicLoofah  said:

I filled in some of the supply counts here just to make it SALT-able, though you should probably trust the notes more than the frankenstein between existing labels and what I pulled out of the replay

On Oct. 13, 2016, 11:02 p.m., rthmjohn  said:

C'mon. We need the supply counts and build times so the SALT encoding works.

Create an account to comment!